 Dungeon Crawl Stone Soup version 0.29-a0-563-g64e4043184 (webtiles) character file.

Game seed: 13502790294856776621

1472 vulpzor the Slicer (level 8, -3/64 HPs)
             Began as a Gnoll Wanderer on June 11, 2022.
             Was a High Priest of Cheibriados.
             Slain by an orc warrior
             ... wielding a +0 battleaxe
              (19 damage)
             ... on level 6 of the Dungeon.
             The game lasted 00:23:27 (7432 turns).

vulpzor the Slicer (Gnoll Wanderer)                 Turns: 7432, Time: 00:23:27

Health: -3/64      AC:  7    Str: 34    XL:     8   Next: 78%
Magic:  4/4        EV: 14    Int: 19    God:    Cheibriados [*****.]
Gold:   296        SH:  0    Dex: 22    Spells: 2/14 levels left

rFire   . . .      SeeInvis .   a - +3 spear
rCold   . . .      Faith    .   (no shield)
rNeg    . . .      Spirit   .   s - +0 leather armour {rPois}
rPois   +          Reflect  .   (no helmet)
rElec   .          Harm     .   y - +1 cloak
rCorr   +          Rampage  .   C - +0 pair of gloves
Will    +....                   (no boots)
Stlth   +++.......              L - amulet of magic regeneration
HPRegen 0.20/turn               N - ring of Vanity {Will+ MP-9 Str+5}
MPRegen 0.49/turn               M - ring of resist corrosion

@: studying Slings, very slow
A: fangs 1, strong nose, distributed training
a: Renounce Religion, Bend Time, Temporal Distortion, Slouch, Step From Time


You were on level 6 of the Dungeon.
You worshipped Cheibriados.
Cheibriados was extremely pleased with you.
You visited 1 branch of the dungeon, and saw 6 of its levels.
You also visited: Sewer and Ossuary.

You collected 296 gold pieces.

Inventory:

Hand Weapons
 a - a +3 spear (weapon)
 b - a +0 short sword
 i - a +0 dagger of venom
 r - a +1 vorpal mace
 B - a +1 dagger of speed
Missiles
 g - 4 atropa-tipped darts (quivered)
 p - 59 stones
Armour
 d - a +0 leather armour
 s - a +0 leather armour of poison resistance (worn)
 y - a +1 cloak (worn)
 C - a +0 pair of gloves (worn)
 F - a +0 kite shield
Jewellery
 f - a ring of positive energy
 L - an amulet of magic regeneration (around neck)
 M - a ring of resist corrosion (right hand)
 N - the ring of Vanity (left hand) {Will+ MP-9 Str+5}
   (You found it on level 6 of the Dungeon)

   [ring of willpower]

   Str:       It affects your strength (+5).
   MP:        It affects your magic capacity (-9).
   Will:      It increases your willpower.
Wands
 I - a wand of acid (12)
 O - a wand of flame (11)
Scrolls
 h - 3 scrolls of amnesia
 l - a scroll of summoning
 m - a scroll of magic mapping
 n - a scroll of poison
 o - 3 scrolls of blinking
 q - a scroll of torment
 t - a scroll of enchant weapon {unknown}
 u - 5 scrolls of enchant armour {unknown}
 v - a scroll of teleportation {unknown}
 w - a scroll of fear {unknown}
 A - 2 scrolls of brand weapon {unknown}
 D - a scroll of vulnerability {unknown}
 G - a scroll of silence {unknown}
 J - a scroll of identify
Potions
 c - a potion of haste
 e - 3 potions of degeneration
 j - a potion of heal wounds
 k - 5 potions of flight
 x - 2 potions of mutation
 z - 3 potions of curing
 E - a potion of ambrosia
 H - 3 potions of brilliance {unknown}
 K - a potion of lignification {unknown}


   Skills:
 + Level 5.9 Fighting
 + Level 9.3 Short Blades
 + Level 3.5 Long Blades
 + Level 3.5 Axes
 + Level 3.5 Maces & Flails
 + Level 7.5 Polearms
 + Level 3.5 Staves
 + Level 5.1 Slings
 + Level 3.5 Bows
 + Level 3.5 Crossbows
 + Level 3.5 Throwing
 + Level 4.4 Armour
 + Level 3.5 Dodging
 + Level 3.5 Stealth
 + Level 3.5 Shields
 + Level 3.5 Unarmed Combat
 + Level 3.5 Spellcasting
 + Level 2.9 Conjurations
 + Level 2.9 Hexes
 + Level 2.9 Summonings
 + Level 2.9 Necromancy
 + Level 2.9 Translocations
 + Level 2.9 Transmutations
 + Level 2.9 Fire Magic
 + Level 2.9 Ice Magic
 + Level 2.9 Air Magic
 + Level 2.9 Earth Magic
 + Level 2.9 Poison Magic
 + Level 3.9 Invocations
 + Level 3.5 Evocations


You had 2 spell levels left.
You knew the following spells:

 Your Spells              Type           Power      Damage    Failure   Level
a - Apportation           Tloc           28%        N/A       4%          1
b - Static Discharge      Conj/Air       14%        N/A       7%          2
c - Dispel Undead         Necr           14%        3d10      41%         4
d - Alistair's Intoxicat  Tmut/Pois      9%         N/A       77%         5

Your spell library contained the following spells:

 Spells                   Type           Power      Damage    Failure   Level
 Freeze                   Ice            56%        1d7       4%          1
 Passage of Golubria      Tloc           14%        N/A       41%         4
 Sticky Flame             Conj/Fire      14%        2d4       41%         4
 Malign Gateway           Summ/Tloc      7%         N/A       100%        7
 Ozocubu's Refrigeration  Ice            7%         4d6       100%        7


Dungeon Overview and Level Annotations

Branches:
Dungeon (6/15)              Sewer (visited)         Ossuary (visited)
 Temple: D:4-7

Altars:
Cheibriados

Shops:
D:3 :


Innate Abilities, Weirdness & Mutations

You have very sharp teeth.
Your uncanny sense of smell can sniff out nearby items.
Your experience applies equally to all skills.


Message History

The orc warrior barely misses you.
Cast which spell? (? or * to list)
You don't know that spell.
You closely miss the orc warrior. Your bite misses the orc warrior.
The orc warrior closely misses you.
You hit the orc warrior but do no damage.
You bite the orc warrior, but do no damage.
You hit the orc warrior but do no damage.
The orc warrior hits you with a +0 battleaxe!
You hit the orc warrior.
The orc warrior is lightly wounded.
The orc warrior hits you with a +0 battleaxe!
You hit the orc warrior but do no damage.
The orc warrior is lightly wounded.
The orc warrior hits you with a +0 battleaxe.
You barely miss the orc warrior.
The orc warrior is lightly wounded.
You hit the orc warrior but do no damage.
The orc warrior is lightly wounded.
The orc warrior hits you with a +0 battleaxe!
You hit the orc warrior but do no damage.
Your bite misses the orc warrior.
The orc warrior is lightly wounded.
The orc warrior barely misses you.
The orc warrior attacks as you move away!
The orc warrior barely misses you. The orc warrior closely misses you.
The orc warrior closely misses you.
Blink to where?
Press: ? - help, Dir - move target
As you read the scroll of blinking, it crumbles to dust.
The orc warrior closely misses you.
The orc warrior attacks as you move away!
The orc warrior hits you with a +0 battleaxe!
* * * LOW HITPOINT WARNING * * *
The orc warrior attacks as you move away!
The orc warrior completely misses you. The orc warrior closely misses you.
The orc warrior attacks as you move away!
The orc warrior hits you with a +0 battleaxe!!
You die...

#.# #.###.# #........# #.#
#.....# #........#. #.# #######
#.......... #.#
#########..######## ## #.#####
#................. ..
#.#...###.#######.##############
#.'...'..>......................
#.#...###########.##############
#.#####.......o@..# ###
#.##..#############
#.##...o.........[#
#.##..............#
#.##..............#
#.##..#....[......#
#.##..'..........)########
#.###.#...........ยง....).#
#.....##################.#


You could see an orc warrior.

Vanquished Creatures
  2 water moccasins (D:5)
  An ice beast (D:5)
  A black bear (D:4)
  An ogre (D:4)
  2 scorpions
  2 necrophages (D:5)
  3 centaur zombies (Ossuary)
  A jelly (D:6)
  A gnoll shaman (D:6)
  4 hounds
  2 iguanas
  5 mummies (Ossuary)
  4 gnolls (D:6)
  4 river rats
  13 adders
  A shadow imp (D:6)
  5 worms
  4 dart slugs
  11 orcs
  11 ball pythons
  9 endoplasms
  5 giant cockroaches
  13 hobgoblins
  5 jackals
  A quokka (Sewer)
  13 bats
  7 frilled lizards
  9 goblins
  5 hobgoblin zombies (Ossuary)
  4 kobolds
  10 rats
159 creatures vanquished.

Notes
Turn   | Place    | Note
-------+----------+-------------------------------------------
     0 | D:1      | vulpzor the Gnoll Wanderer began the quest for the Orb.
     0 | D:1      | vulpzor set off with the following items: a +3 spear, a +0
                  | short sword, a potion of haste, a +0 leather armour
     0 | D:1      | Reached XP level 1. HP: 20/20 MP: 1/1
   161 | D:1      | Reached XP level 2. HP: 25/26 MP: 2/2
   948 | D:2      | Reached XP level 3. HP: 19/31 MP: 3/3
  1820 | D:2      | Reached skill level 1 in Invocations
  2138 | D:3      | Found Inlasar's Book Emporium.
  2187 | D:3      | Reached skill level 1 in Long Blades
  2187 | D:3      | Reached skill level 1 in Axes
  2187 | D:3      | Reached skill level 1 in Maces & Flails
  2187 | D:3      | Reached skill level 1 in Staves
  2187 | D:3      | Reached skill level 1 in Slings
  2187 | D:3      | Reached skill level 1 in Bows
  2187 | D:3      | Reached skill level 1 in Crossbows
  2187 | D:3      | Reached skill level 1 in Throwing
  2187 | D:3      | Reached skill level 1 in Dodging
  2187 | D:3      | Reached skill level 1 in Stealth
  2187 | D:3      | Reached skill level 1 in Shields
  2187 | D:3      | Reached skill level 1 in Unarmed Combat
  2187 | D:3      | Reached skill level 1 in Spellcasting
  2187 | D:3      | Reached skill level 1 in Evocations
  2196 | D:3      | Reached XP level 4. HP: 32/38 MP: 5/5
  2351 | D:3      | Found a faded altar of an unknown god.
  2387 | D:3      | Prayed at the altar of an unknown god.
  2387 | D:3      | Became a worshipper of Cheibriados the Contemplative
  2387 | D:3      | Reached * piety under Cheibriados
  2829 | D:3      | Reached skill level 1 in Conjurations
  2829 | D:3      | Reached skill level 1 in Hexes
  2829 | D:3      | Reached skill level 1 in Summonings
  2829 | D:3      | Reached skill level 1 in Necromancy
  2829 | D:3      | Reached skill level 1 in Translocations
  2829 | D:3      | Reached skill level 1 in Transmutations
  2829 | D:3      | Reached skill level 1 in Fire Magic
  2829 | D:3      | Reached skill level 1 in Ice Magic
  2829 | D:3      | Reached skill level 1 in Air Magic
  2829 | D:3      | Reached skill level 1 in Earth Magic
  2829 | D:3      | Reached skill level 1 in Poison Magic
  3379 | D:4      | Found a sand-covered staircase.
  3390 | Ossuary  | Entered an ossuary
  3402 | Ossuary  | Reached XP level 5. HP: 37/43 MP: 6/6
  3460 | Ossuary  | Reached XP level 6. HP: 13/50 MP: 8/8
  3482 | Ossuary  | HP: 1/50 [mummy (4)]
  3835 | D:4      | Reached ** piety under Cheibriados
  3891 | D:4      | Found a glowing drain.
  3931 | Sewer    | Entered a sewer
  4035 | Sewer    | Reached skill level 5 in Fighting
  4437 | Sewer    | Reached *** piety under Cheibriados
  5085 | D:4      | Reached XP level 7. HP: 42/56 MP: 10/10
  5670 | D:4      | Reached **** piety under Cheibriados
  5836 | D:5      | Entered Level 5 of the Dungeon
  5901 | D:5      | Reached skill level 9 in Short Blades
  5956 | D:5      | Reached XP level 8. HP: 37/63 MP: 12/12
  6563 | D:5      | Learned a level 1 spell: Apportation
  6566 | D:5      | Learned a level 2 spell: Static Discharge
  6571 | D:5      | Learned a level 4 spell: Dispel Undead
  6577 | D:5      | Learned a level 5 spell: Alistair's Intoxication
  6845 | D:6      | Got the Guide on the Glacier and Dislocation
  7119 | D:6      | Identified the ring of Vanity {Will+ MP-9 Str+5}
  7293 | D:6      | Reached skill level 5 in Slings
  7335 | D:6      | Reached ***** piety under Cheibriados
  7432 | D:6      | Slain by an orc warrior

Illustrated notes

Levels and vault maps discovered:
D:1:      shiori_arrival_elements, layout_basic, serial_aquarium,
          aquarium_bridge_square [aquarium_subvault_bridge,
          aquarium_subvault_window, aquarium_subvault_bridge,
          aquarium_subvault_wall], aquarium_window_fake, aquarium_window_2,
          aquarium_view_2a, aquarium_view_2b, aquarium_balcony_1a,
          amethyst_killhole
D:2:      layout_basic
D:3:      layout_loops_cross, ebering_ecumenical_altar_mist, serial_shops, shop
D:4:      layout_loops_corners, nicolae_ossuary_entry_monument,
          portal_sewer_entry_e
D:5:      layout_basic
D:6:      layout_basic

Skill      XL: |  1  2  3  4  5  6  7  8 |
---------------+-------------------------+-----
Invocations    | 1 2 3 |  3.9
Long Blades    | 1 2 3 |  3.5
Axes           | 1 2 3 |  3.5
Maces & Flails | 1 2 3 |  3.5
Staves         | 1 2 3 |  3.5
Slings         | 1 2 3 4 5 |  5.1
Bows           | 1 2 3 |  3.5
Crossbows      | 1 2 3 |  3.5
Throwing       | 1 2 3 |  3.5
Dodging        | 1 2 3 |  3.5
Stealth        | 1 2 3 |  3.5
Shields        | 1 2 3 |  3.5
Unarmed Combat | 1 2 3 |  3.5
Spellcasting   | 1 2 3 |  3.5
Evocations     | 1 2 3 |  3.5
Conjurations   | 1 2 |  2.9
Hexes          | 1 2 |  2.9
Summonings     | 1 2 |  2.9
Necromancy     | 1 2 |  2.9
Translocations | 1 2 |  2.9
Transmutations | 1 2 |  2.9
Fire Magic     | 1 2 |  2.9
Ice Magic      | 1 2 |  2.9
Air Magic      | 1 2 |  2.9
Earth Magic    | 1 2 |  2.9
Poison Magic   | 1 2 |  2.9
Armour         | 3 4 |  4.4
Fighting       | 5 |  5.9
Polearms       | 7 |  7.5
Short Blades   | 9 |  9.3

Action                   |  1- 3 |  4- 6 |  7- 9 || total
-------------------------+-------+-------+-------++-------
Melee: Spear             |   103 |   296 |   204 ||   603
       Bite              |     2 |    34 |    19 ||    55
       Punch             |     1 |     8 |     7 ||    16
Throw: Dart              |     4 |       |       ||     4
  Use: Potion            |       |     3 |       ||     3
       Scroll            |       |     7 |     1 ||     8
 Stab: Sleeping          |       |     4 |     6 ||    10
       Distracted        |       |     1 |       ||     1
Armor: Leather armour    |     8 |    99 |    45 ||   152
Dodge: Dodged            |    17 |   232 |   127 ||   376

Table legend: (Time is in decaauts)
 A = Elapsed time spent in this place.
 B = Non-inter-level travel time spent in this place.
 C = Inter-level travel time spent in this place.
 D = Time resting spent in this place.
 E = Time spent auto-exploring this place.
 F = Levels seen in this place.
 G = Mean time per level.
                   A        B        C        D        E       F      G
               +--------+--------+--------+--------+--------+-----+--------+
         Total |   9053 |   9053 |      0 |    713 |   5897 |   8 | 1131.6 |
       Dungeon |   7065 |   7065 |      0 |    188 |   5336 |   6 | 1177.5 |
         Sewer |   1569 |   1569 |      0 |    324 |    560 |   1 | 1569.0 |
       Ossuary |    418 |    418 |      0 |    201 |      0 |   1 |  418.0 |
               +--------+--------+--------+--------+--------+-----+--------+

Top non-repeatable levels by time:
   Sewer: 1569 daAuts
     D:4: 1504 daAuts
     D:3: 1390 daAuts
     D:5: 1298 daAuts
     D:2: 1122 daAuts
     D:1: 925 daAuts
     D:6: 824 daAuts
 Ossuary: 418 daAuts
